 Dungeon Crawl Stone Soup version 0.32-a0-898-g7811c86cf0 (webtiles) character file.

Game seed: 7357091155279674951

112 Heh the Trooper (level 4, -1/38 HPs)
             Began as a Coglin Brigand on Apr 5, 2024.
             Slain by a gnoll
             ... wielding a +0 club
              (3 damage)
             ... on level 2 of the Dungeon.
             The game lasted 00:02:23 (1925 turns).

Heh the Trooper (Coglin Brigand)                    Turns: 1925, Time: 00:02:23

Health: -1/38      AC:  7    Str: 11    XL:     4   Next: 95%
Magic:  4/4        EV: 10    Int: 11    God:
Gold:   34         SH:  0    Dex: 17    Spells: 3/3 levels left

rFire   . . .        a - +2 dagger {Tiberius}
rCold   + . .        f - +0 dagger {Kun}
rNeg    . . .        q - +2 leather armour {rC+}
rPois   .            (no helmet)
rElec   .            c - +0 cloak
rCorr   .            h - +0 pair of gloves
SInv    .            (no boots)
Will    .....        (amulet unavailable)
Stlth   ++           (ring unavailable)
HPRegen 0.26/turn    (ring unavailable)
MPRegen 0.09/turn    (no gizmo)

%: no passive effects
@: hasted, revving, very quick
A: off-hand wielding, slow wielding, warmup strikes, no jewellery
a: Invent Gizmo


You were on level 2 of the Dungeon.
You visited 1 branch of the dungeon, and saw 2 of its levels.

You collected 34 gold pieces.

Inventory:

Hand Weapons
 a - a +2 dagger (weapon) {Tiberius}
 f - a +0 dagger (offhand) {Kun}
Missiles
 d - 9 poisoned darts (quivered)
 e - 3 curare-tipped darts
Armour
 b - a +0 robe
 c - a +0 cloak (worn)
 h - a +0 pair of gloves (worn)
 q - a +2 leather armour of cold resistance (worn)
 s - a +0 scale mail
Scrolls
 g - a scroll of noise {unknown}
 i - a scroll of teleportation {unknown}
 k - a scroll of vulnerability {unknown}
 m - 2 scrolls of blinking {unknown}
 o - a scroll of torment {unknown}
 p - a scroll of enchant weapon {unknown}
 r - 2 scrolls of identify {unknown}
Potions
 j - a potion of haste
 l - a potion of ambrosia {unknown}
 n - 3 potions of might {unknown}
 t - a potion of attraction {unknown}


   Skills:
 + Level 4.9 Fighting
 - Level 1.7 Short Blades
 - Level 1.7 Throwing
 - Level 0.8 Dodging
 - Level 3.2 Stealth


You had 3 spell levels left.
You didn't know any spells.
Your spell library was empty.

Dungeon Overview and Level Annotations

Branches:
Dungeon (2/15)

Altars:

Annotations:
D:2 1 runed translucent door, Crazy Yiuf


Innate Abilities, Weirdness & Mutations

You can wield a second weapon in your off-hand.
It takes a long time for you to wield or remove held weapons.
Your first few attacks do less damage.
You cannot equip rings or amulets.


Message History

You barely miss the gnoll with your +0 dagger.
The gnoll is lightly wounded.
You hit the gnoll with your +2 dagger. The gnoll misses you.
You hit the gnoll with your +2 dagger.
The gnoll is moderately wounded.
You closely miss the gnoll with your +0 dagger.
The gnoll misses you.
You hit the gnoll but do no damage.
The gnoll is moderately wounded.
You barely miss the gnoll with your +0 dagger.
The gnoll hits you with a +0 whip.
You hit the gnoll with your +2 dagger.
The gnoll is heavily wounded.
You closely miss the gnoll with your +0 dagger.
The gnoll closely misses you.
You hit the gnoll but do no damage.
The gnoll is heavily wounded.
You hit the gnoll with your +2 dagger. The gnoll completely misses you.
You closely miss the gnoll with your +2 dagger.
The gnoll is severely wounded.
You hit the gnoll with your +0 dagger. You hit the gnoll with your +2 dagger.
You kill the gnoll!
The gnoll hits you with a +0 club.
* * * LOW HITPOINT WARNING * * *
The gnoll misses you.
You see here a +0 whip.
The gnoll attacks as it pursues you! The gnoll closely misses you.
There is an open door here.
You aren't carrying any items that you can evoke.
It was a potion of haste.
You feel yourself speed up. The gnoll closely misses you.
The gnoll hits you from afar with a +0 spear.
* * * LOW HITPOINT WARNING * * *
The gnoll attacks as it pursues you!
The gnoll hits you from afar with a +0 spear.
* * * LOW HITPOINT WARNING * * *
The gnoll attacks as it pursues you! The gnoll barely misses you.
The gnoll attacks as it pursues you! The gnoll hits you with a +0 club.
You die...

####.####
#.# #..#
##'## #.##
##...## #
#.#
##...).## #
#.#
##.......##
#####
#.........#
._ß#
+.........+
####
#...).....#
##...@...##
##..g..##
##...##
##g## #)#
#g# #†#
#.†.#
#.....#


You could see 3 gnolls.

Vanquished Creatures
  Natasha (twice) (D:2)
  A gnoll (D:2)
  An adder (D:2)
  A dart slug (D:2)
  A bat (D:2)
  2 endoplasms (D:1)
  4 giant cockroaches
  7 goblins
  4 hobgoblins
  3 quokkas
  3 ball pythons
  A frilled lizard (D:1)
  7 kobolds
  5 rats
42 creatures vanquished.

Notes
Turn   | Place    | Note
-------+----------+-------------------------------------------
     0 | D:1      | Heh the Coglin Brigand began the quest for the Orb.
     0 | D:1      | Reached XP level 1. HP: 16/16 MP: 1/1
   234 | D:1      | Reached XP level 2. HP: 23/23 MP: 2/2
   594 | D:1      | Reached skill level 3 in Fighting
   978 | D:2      | Reached XP level 3. HP: 27/29 MP: 3/3
  1009 | D:2      | Noticed Natasha
  1019 | D:2      | Killed Natasha
  1020 | D:2      | Reached skill level 4 in Fighting
  1064 | D:2      | Reached XP level 4. HP: 37/37 MP: 4/4
  1202 | D:2      | Noticed Natasha
  1217 | D:2      | Killed Natasha
  1430 | D:2      | Found a faded altar of an unknown god.
  1590 | D:2      | Found a runed translucent door.
  1591 | D:2      | Noticed Crazy Yiuf
  1925 | D:2      | Slain by a gnoll

Illustrated notes

Levels and vault maps discovered:
D:1:      lemuel_arrival_hallway, layout_basic, nrook_mini_backslash
D:2:      layout_loops_corners, shapermc_ecumenical_altar_hornbeckon,
          uniq_crazy_yiuf_cottage, uniq_natasha

Skill      XL: |  1  2  3 |
---------------+----------+-----
Fighting       | 3 4 |  4.9
Short Blades   | |  1.7
Throwing       | |  1.7
Dodging        | |  0.8
Stealth        | |  3.2

Action                     |  1- 3 |  4- 6 || total
---------------------------+-------+-------++-------
  Melee: Dagger            |    72 |    75 ||   147
    Use: Potion            |       |     1 ||     1
   Stab: Sleeping          |     9 |     3 ||    12
 Armour: Robe              |    20 |       ||    20
         Leather armour    |       |    36 ||    36
  Dodge: Dodged            |    15 |    23 ||    38

Table legend: (Time is in decaauts)
 A = Elapsed time spent in this place.
 B = Non-inter-level travel time spent in this place.
 C = Inter-level travel time spent in this place.
 D = Time resting spent in this place.
 E = Time spent auto-exploring this place.
 F = Levels seen in this place.
 G = Mean time per level.
                   A        B        C        D        E       F      G
               +--------+--------+--------+--------+--------+-----+--------+
         Total |   1931 |   1909 |     22 |    210 |   1371 |   2 |  965.5 |
       Dungeon |   1931 |   1909 |     22 |    210 |   1371 |   2 |  965.5 |
               +--------+--------+--------+--------+--------+-----+--------+

Top non-repeatable levels by time:
     D:2: 1017 daAuts
     D:1: 913 daAuts
